 Dungeon Crawl Stone Soup version 0.29.1-2-gbd0b4ee654 (webtiles) character file.

Game seed: 16834786302736107813

18111 Zeld the Thaumaturge (level 12, -22/63 (74) HPs)
             Began as a Demonspawn Conjurer on Oct 28, 2022.
             Was an Initiate of Gozag.
             Killed from afar by Nergalle (45 damage)
             ... with a bolt of negative energy
             ... on level 1 of the Orcish Mines.
             The game lasted 00:32:44 (23729 turns).

Zeld the Thaumaturge (Demonspawn Conjurer)         Turns: 23729, Time: 00:32:45

HP:   -22/63 (74)   AC: 12    Str:  8    XL:     12   Next: 24%
MP:   2/36          EV: 12    Int: 24    God:    Gozag
Gold: 284           SH:  0    Dex: 12    Spells: 23/34 levels left

rFire   . . .      SeeInvis .   a - +6 whip "Impslayer" {pain, rCorr}
rCold   . . .      Faith    .   (no shield)
rNeg    . . .      Spirit   .   G - +0 ring mail {rPois}
rPois   +          Reflect  .   e - +0 helmet
rElec   .          Harm     .   x - +0 cloak
rCorr   +          Rampage  .   t - +0 pair of gloves
Will    .....                   q - +0 pair of boots
Stlth   +++.......              (no amulet)
HPRegen 0.20/turn               B - ring of wizardry
MPRegen 0.25/turn               E - ring of magical power

@: heavily drained
A: hooves 2, icy blue scales 2, demonic guardian 1, spiny 1
a: Renounce Religion, Potion Petition, Call Merchant, Bribe Branch


You were on level 1 of the Orcish Mines.
You worshipped Gozag.
Gozag was aware of your devotion.
You visited 3 branches of the dungeon, and saw 15 of its levels.

You collected 2268 gold pieces.
You spent 412 gold pieces at shops.
You paid 1572 gold pieces to Gozag.

Inventory:

Hand Weapons
 a - the +6 whip "Impslayer" (weapon) {pain, rCorr}
   (You bought it in a shop on level 8 of the Dungeon)

   In the hands of one skilled in necromantic magic, it inflicts extra damage on
   living creatures.
   rCorr:     It protects you from acid and corrosion.
Armour
 e - a +0 helmet (worn)
 q - a +0 pair of boots (worn)
 t - a +0 pair of gloves (worn)
 x - a +0 cloak (worn)
 G - a +0 ring mail of poison resistance (worn)
Jewellery
 B - a ring of wizardry (left hand)
 E - a ring of magical power (right hand)
Wands
 c - a wand of light (4)
 o - a wand of flame (12)
 C - a wand of charming (11)
 D - a wand of iceblast (25)
 I - a wand of polymorph (5)
Scrolls
 b - 3 scrolls of fog
 f - 4 scrolls of blinking
 g - 2 scrolls of brand weapon
 l - a scroll of fear
 p - 4 scrolls of teleportation
 r - 2 scrolls of poison
 y - 2 scrolls of enchant weapon
 F - a scroll of enchant armour
 J - 2 scrolls of amnesia
 K - 2 scrolls of magic mapping
Potions
 d - a potion of magic
 h - 3 potions of brilliance
 i - a potion of invisibility
 j - a potion of flight {unknown}
 k - 6 potions of curing
 m - 2 potions of heal wounds {unknown}
 n - 2 potions of mutation {unknown}
 s - 3 potions of lignification {unknown}
 u - 3 potions of degeneration {unknown}
 v - 3 potions of cancellation {unknown}
 z - a potion of haste {unknown}
 A - 3 potions of might {unknown}


   Skills:
 + Level 8.5 Dodging
 + Level 9.2 Stealth
 * Level 11.9 Spellcasting
 + Level 9.9 Conjurations
 - Level 2.0 Hexes
 - Level 2.0 Translocations


You had 23 spell levels left.
You knew the following spells:

 Your Spells              Type           Power      Damage    Failure   Level
a - Magic Dart            Conj           100%       1d8       1%          1
b - Searing Ray           Conj           100%       2d8       1%          2
c - Fulminant Prism       Conj/Hex       21%        3d13      4%          4
d - Iskenderun's Mystic   Conj/Tloc      43%        2d10      4%          4

Your spell library contained the following spells:

 Spells                   Type           Power      Damage    Failure   Level
 Static Discharge         Conj/Air       38%        3-8/arc   1%          2
 Dazzling Flash           Conj/Hex       86%        N/A       1%          3
 Conjure Flame            Conj/Fire      38%        6-21      2%          3
 Beastly Appendage        Tmut           28%        N/A       6%          1
 Sticky Flame             Conj/Fire      38%        2d6       7%          4
 Portal Projectile        Hex/Tloc       46%        N/A       8%          3
 Tukima's Dance           Hex            23%        N/A       8%          3
 Wereblood                Tmut           14%        N/A       9%          2
 Ignite Poison            Fire/Tmut/Pois 14%        N/A       16%         3
 Spider Form              Tmut/Pois      14%        N/A       16%         3
 Swiftness                Air            14%        N/A       16%         3
 Lightning Bolt           Conj/Air       19%        1d33      19%         5
 Anguish                  Hex/Necr       9%         N/A       32%         4
 Yara's Violent Unravell  Hex/Tmut       9%         3d6       65%         5
 Blade Hands              Tmut           7%         N/A       80%         5
 Maxwell's Capacitive Co  Air            7%         ∞         100%        8


Dungeon Overview and Level Annotations

Branches:
Dungeon (13/15)            Temple (1/1) D:5            Lair (0/5) D:8
    Orc (1/2) D:9
 Vaults: D:13-14

Altars:
Ashenzari
Cheibriados
Dithmenos
Fedhas
Gozag
Hepliaklqana
Kikubaaqudgha
Makhleb
Nemelex Xobeh
Okawaru
Qazlal
Ru
Sif Muna
Trog
Uskayaw
Vehumet
Wu Jian
Xom
Yredelemnul
Jiyva

Shops:
D:8 (   D:10 *

Portals:
Trove: D:10 (give 12 potions of heal wounds)

Annotations:
D:3 3 runed translucent doors, Anandil's ghost, weakling DrAK
Orc:1 Nergalle


Innate Abilities, Weirdness & Mutations

You have hoof-like feet.
You are mostly covered in icy blue scales. (AC +3)
A weak demonic guardian rushes to your aid.
You are partially covered in sharp spines.


Message History

The spectral orc warrior is struck by your spines.
The spectral orc warrior hits you.
Unknown command.
The searing ray hits Nergalle!
Nergalle is severely wounded.
Nergalle gestures at the spectral orc warrior while chanting.
The spectral orc warrior seems to speed up.
The spectral orc warrior hits you with a +2 dire flail of draining!
You feel drained.
The spectral orc warrior is struck by your spines.
The spectral orc warrior completely misses you.
Casting: Searing Ray (safe; 1% risk of failure)
Confirm with . or Enter, or press ? or * to list all spells.
You erupt in a blast of force!
The mystic blast hits Nergalle but does no damage.
Nergalle is severely wounded.
The mystic blast hits the spectral orc warrior.
The spectral orc warrior is heavily damaged.
The spectral orc warrior is knocked back by the mystic blast.
The mystic blast hits the spectral orc warrior!
The spectral orc warrior is almost destroyed.
The spectral orc warrior is knocked back by the mystic blast.
Nergalle barely misses you.
The spectral orc warrior hits you with a +2 dire flail of draining!
You feel drained.
Casting: Iskenderun's Mystic Blast (dangerous; 4% risk of failure)
Confirm with . or Enter, or press ? or * to list all spells.
You erupt in a blast of force!
The mystic blast hits Nergalle.
Nergalle is almost dead.
Nergalle is knocked back by the mystic blast.
The mystic blast hits the spectral orc warrior.
The spectral orc warrior is severely damaged.
The spectral orc warrior is knocked back by the mystic blast.
The spectral orc warrior hits you with a +2 dire flail of draining.
You feel drained. Nergalle casts a spell at you.
The bolt of negative energy hits you!!!
You feel drained.
Ouch! That really hurt!
You die...
Your body crumbles into a pile of gold.

## #.## ###### ...#
#####.##.#####..## .
##.##.......##....##..
#<.$##.#.Z............ #
##$#...Z..............
##.##$$$..@...o..........
#$...$$...........$......
##..$...#................
#.#..#$$$#.........>.....
#......#........$.........
##.##.###.##..............
## ## #....$.....$.......
##.................
###...##.........$


You could see Nergalle and 2 spectral orc warriors.

Vanquished Creatures
  2 two-headed ogres
  Amaemon (D:8)
  Pikel (D:4)
  2 ugly things (D:11)
  A cyclops (D:12)
  2 manticores (D:12)
  2 gargoyles
  An unseen horror (D:10)
  Joseph (D:8)
  An orange demon (D:8)
  Maggie (D:8)
  2 komodo dragons
  A kobold demonologist (D:11)
  A meliai (D:12)
  A slime creature (D:11)
  23 yaks
  2 shadows
  3 wraiths
  A human (D:9)
  A vampire (D:10)
  A steam dragon (D:5)
  A warg (Orc:1)
  4 vampire mosquitoes
  An acid dragon (D:9)
  A water moccasin (D:5)
  A sky beast (D:7)
  5 orc warriors
  An ice beast (D:7)
  A black bear (D:7)
  2 ogres
  6 centaurs
  2 phantoms
  2 lemures (D:4)
  A kobold brigand (D:5)
  2 bullfrogs
  2 necrophages
  3 scorpions (D:5)
  18 wights
  17 killer bees
  6 howler monkeys
  2 hounds
  5 orc priests
  A gnoll bouda (D:6)
  4 iguanas
  3 jellies
  12 orc wizards
  Robin (D:2)
  11 gnolls
  9 adders
  3 white imps
  2 ufetubi (D:5)
  2 adder skeletons (D:2)
  2 adder zombies (D:2)
  4 worms
  5 dart slugs
  67 orcs
  6 ball pythons
  5 bats
  8 endoplasms
  3 giant cockroaches
  16 goblins
  6 hobgoblins
  5 jackals
  4 quokkas
  A ball python skeleton (D:2)
  2 ball python zombies (D:2)
  A frilled lizard (D:1)
  3 kobolds
  A kobold skeleton (D:9)
  A quokka skeleton (D:2)
  A quokka zombie (D:2)
  3 rats
326 creatures vanquished.

Vanquished Creatures (collateral kills)
  Fannar (Orc:1)
  A wight (D:8)
  A jelly (D:11)
  An orc (D:9)
  A giant cockroach (D:1)
  A goblin (D:2)
  A quokka (D:1)
7 creatures vanquished.

Vanquished Creatures (others)
  A basilisk (D:11)
  27 fulminant prisms
28 creatures vanquished.

Grand Total: 361 creatures vanquished

Notes
Turn   | Place    | Note
-------+----------+-------------------------------------------
     0 | D:1      | Zeld the Demonspawn Conjurer began the quest for the Orb.
     0 | D:1      | Reached XP level 1. HP: 13/13 MP: 3/3
   550 | D:1      | Gained mutation: A weak demonic guardian rushes to your
                  | aid. [demonic ancestry]
   550 | D:1      | Reached XP level 2. HP: 19/19 MP: 1/5
   553 | D:1      | Learned a level 2 spell: Searing Ray
  1647 | D:2      | Gained mutation: You are partially covered in sharp spines.
                  | [demonic ancestry]
  1647 | D:2      | Reached XP level 3. HP: 22/24 MP: 2/6
  2105 | D:2      | Noticed Robin
  2110 | D:2      | Killed Robin
  2111 | D:2      | Reached skill level 3 in Spellcasting
  2145 | D:2      | Gained mutation: You are partially covered in icy blue
                  | scales. (AC +2) [demonic ancestry]
  2145 | D:2      | Reached XP level 4. HP: 19/30 MP: 5/8
  2484 | D:2      | Found a faded altar of an unknown god.
  3036 | D:3      | Found a runed translucent gate.
  3036 | D:3      | Found a runed translucent gate.
  3036 | D:3      | Found a runed translucent gate.
  3261 | D:3      | You fall into a shaft and drop 3 floors!
  3270 | D:6      | Reached XP level 5. HP: 35/35 MP: 3/10
  3330 | D:6      | Found an ornate altar of the Wu Jian Council.
  3776 | D:6      | Reached skill level 4 in Spellcasting
  3776 | D:6      | Gained mutation: You are mostly covered in icy blue scales.
                  | (AC +3) [demonic ancestry]
  3776 | D:6      | Reached XP level 6. HP: 33/41 MP: 2/12
  3993 | D:6      | Reached skill level 5 in Conjurations
  4208 | D:6      | Reached XP level 7. HP: 32/46 MP: 4/14
  4617 | D:6      | Learned a level 4 spell: Fulminant Prism
  4622 | D:6      | Learned a level 4 spell: Iskenderun's Mystic Blast
  4792 | D:6      | Reached skill level 5 in Spellcasting
  5195 | D:6      | Found a snail-covered altar of Cheibriados.
  5220 | D:5      | Entered Level 5 of the Dungeon
  5722 | D:4      | Noticed Pikel
  5730 | D:4      | Killed Pikel
  5731 | D:4      | Reached skill level 6 in Spellcasting
  5731 | D:4      | Reached XP level 8. HP: 28/52 MP: 8/17
  5868 | D:4      | Found a sparkling altar of Nemelex Xobeh.
  6380 | D:3      | Got the Atlas of Malediction and the Wind
  6601 | D:3      | Found a broken altar of Ashenzari.
  6644 | D:3      | Found a stormy altar of Qazlal.
  6725 | D:3      | Noticed Anandil's ghost (weakling DrAK)
  7576 | D:5      | Reached skill level 5 in Stealth
  7991 | D:5      | Reached skill level 5 in Dodging
  7991 | D:5      | Reached skill level 7 in Spellcasting
  8279 | D:5      | Reached XP level 9. HP: 33/57 MP: 12/19
  8294 | D:5      | Found a staircase to the Ecumenical Temple.
  8299 | Temple   | Entered the Ecumenical Temple
  8431 | Temple   | Became a worshipper of Gozag Ym Sagoz the Greedy
  9102 | D:5      | Reached skill level 1 in Hexes
  9375 | D:5      | Reached skill level 1 in Translocations
 10712 | D:7      | Found an iron altar of Okawaru.
 10835 | D:7      | Reached skill level 8 in Spellcasting
 11291 | D:7      | Found a hazy altar of Hepliaklqana.
 11862 | D:8      | Gained mutation: You have large cloven feet. [demonic
                  | ancestry]
 11862 | D:8      | Reached XP level 10. HP: 53/63 MP: 10/22
 12274 | D:8      | Noticed Maggie
 12284 | D:8      | Killed Maggie
 12676 | D:8      | Bought a translucent whip for 232 gold pieces
 12676 | D:8      | Identified the +6 whip "Impslayer" {pain, rCorr} (You
                  | bought it in a shop on level 8 of the Dungeon)
 12683 | D:8      | Noticed an orange demon
 13179 | D:8      | Noticed Joseph
 13193 | D:8      | Killed Joseph
 13194 | D:8      | Reached skill level 9 in Spellcasting
 13212 | D:8      | Found a staircase to the Lair.
 13976 | D:9      | Noticed a two-headed ogre
 14002 | D:9      | Killed a two-headed ogre
 14017 | D:9      | Noticed a gargoyle
 14035 | D:9      | HP: 1/63 [gargoyle/stone arrow (14)]
 14463 | D:8      | Killed an orange demon
 14467 | D:8      | Noticed Amaemon
 14681 | D:8      | Killed Amaemon
 14790 | D:9      | Killed a gargoyle
 15173 | D:9      | Reached skill level 10 in Spellcasting
 15177 | D:9      | Gained mutation: You have hoof-like feet. [demonic
                  | ancestry]
 15177 | D:9      | Reached XP level 11. HP: 68/68 MP: 24/25
 15690 | D:9      | Found a runed translucent door.
 15694 | D:9      | Found a basalt altar of Yredelemnul.
 15874 | D:9      | Found a staircase to the Orcish Mines.
 16683 | Orc:1    | Entered Level 1 of the Orcish Mines
 16701 | D:10     | Entered Level 10 of the Dungeon
 16756 | D:10     | Found a bloodstained altar of Trog.
 18106 | D:10     | Found a portal to a secret trove of treasure.
 18246 | D:10     | Bought a scroll labelled DYTAJOU PATTUMN for 30 gold pieces
 18612 | D:11     | Noticed a purple ugly thing
 18630 | D:11     | Killed a purple ugly thing
 18832 | D:11     | Reached skill level 11 in Spellcasting
 19412 | D:11     | Noticed a green ugly thing
 19427 | D:11     | Killed a green ugly thing
 19851 | D:11     | Found a viscous altar of Jiyva.
 20326 | D:12     | Found a burning altar of Makhleb.
 20326 | D:12     | Noticed a balrug
 20873 | D:12     | Reached XP level 12. HP: 30/74 MP: 0/27
 22231 | D:13     | Noticed a fire dragon
 22378 | D:13     | Noticed a centaur warrior
 23073 | D:10     | Bought a scroll of identify for 60 gold pieces
 23073 | D:10     | Bought a scroll of teleportation for 90 gold pieces
 23365 | Orc:1    | Noticed a two-headed ogre
 23378 | Orc:1    | Noticed Fannar
 23379 | Orc:1    | Killed a two-headed ogre
 23561 | Orc:1    | Killed Fannar
 23567 | Orc:1    | Noticed Nergalle
 23729 | Orc:1    | Killed from afar by Nergalle

Illustrated notes

Levels and vault maps discovered:
D:1:      dpeg_arrival_erosion, layout_basic
D:2:      layout_loops_cross, serial_undead, serial_undead_f, serial_undead_d,
          serial_undead_e, serial_undead_a, serial_undead_d,
          hellmonk_ecumenical_altar_run_dry, mrwooster_statue_mirror,
          minmay_pentomino_u4, uniq_robin
D:3:      minmay_skewed_foursquare, layout_basic, mainiacjoe_overflow_big_doors,
          gammafunk_ghost_necromancy
D:4:      layout_basic, mainiacjoe_overflow_24_doors, uniq_pikel
D:5:      cheibrodos_fzero, layout_loops_ring, minmay_temple_entry_arrows,
          chequers_mini_garden
D:6:      layout_basic, nicolae_wu_jian_wuxing_cycle,
          mainiacjoe_overflow_surrounded_room
D:7:      layout_basic, mainiacjoe_overflow_chevrons, overflow_temple_1_default
D:8:      layout_basic, lair_entry_dummy, uniq_amaemon, uniq_joseph, uniq_maggie
D:9:      minmay_curly_fans, layout_loops_corners, dk_yredelemnul_ordeal,
          hiddenorc2_lemuel, minmay_misc_feat_pillars
D:10:     layout_basic, tso_oasis_becter, mainiacjoe_overflow_six_doors_small,
          enter_trove_0, amcnicky_mini_corridor_feature
D:11:     layout_long_grid, jiyva_altar_1
D:12:     layout_cave_pods, makhleb_altar_promises_db
D:13:     hangedman_cross_cluster, layout_cave_pools
Temple:   nicolae_temple_hex_pool
Orc:1:    layout_caves, nicolae_orc_flooded_monolith, abandoned_shop,
          nicolae_alphabet_shops, uniq_sonja, uniq_nergalle, uniq_fannar

Skill      XL: |  1  2  3  4  5  6  7  8  9 10 11 12 |
---------------+-------------------------------------+-----
Stealth        | 2 3 4 5 6 7 8 9 |  9.2
Dodging        | 2 3 4 5 7 8 |  8.5
Spellcasting   | 3 4 6 7 8 10 11 | 11.9
Conjurations   | 5 6 7 8 9 |  9.9
Hexes          | 2 |  2.0
Translocations | 2 |  2.0

Action                   |  1- 3 |  4- 6 |  7- 9 | 10-12 || total
-------------------------+-------+-------+-------+-------++-------
Melee: Unarmed           |     3 |     6 |     7 |     1 ||    17
       Whip              |       |       |       |    43 ||    43
 Cast: Magic Dart        |    47 |    64 |   129 |    25 ||   265
       Searing Ray       |     2 |    11 |    64 |    68 ||   145
       Iskenderun's Myst |       |       |    15 |   115 ||   130
       Fulminant Prism   |       |       |       |    27 ||    27
Invok: Call Merchant     |       |       |       |     2 ||     2
Evoke: Wand              |       |       |       |     3 ||     3
  Use: Potion            |       |       |     1 |     3 ||     4
       Scroll            |       |       |       |    19 ||    19
 Stab: Sleeping          |       |       |       |     3 ||     3
       Distracted        |       |       |       |     1 ||     1
Armor: Robe              |    15 |     5 |     8 |       ||    28
       Ring mail         |       |       |    59 |   106 ||   165
       Skin              |       |       |       |     1 ||     1
Dodge: Dodged            |    34 |    16 |    96 |   120 ||   266
